 Dungeon Crawl Stone Soup version 0.30.1-1-g62c8e00024 (webtiles) character file.

Game seed: 12951503976512541827

977 shmup the Firebug (level 8, -6/44 HPs)
             Began as a Tengu Fire Elementalist on July 14, 2023.
             Mangled by a green ugly thing (10 damage)
             ... on level 8 of the Dungeon on July 15, 2023.
             The game lasted 00:18:55 (6422 turns).

shmup the Firebug (Tengu Fire Elementalist)         Turns: 6422, Time: 00:18:55

Health: -6/44      AC:  2    Str:  9    XL:     8   Next: 17%
Magic:  14/14      EV: 16    Int: 17    God:
Gold:   232        SH:  0    Dex: 15    Spells: 5/14 levels left

rFire   . . .        D - +1 dagger (venom)
rCold   . . .        (no shield)
rNeg    . . .        a - +0 robe
rPois   +            (helmet restricted)
rElec   .            (no cloak)
rCorr   .            (no gloves)
SInv    .            (boots unavailable)
Will    .....        (no amulet)
Stlth   +++          x - ring of poison resistance
HPRegen 0.27/turn    B - ring of wizardry
MPRegen 0.14/turn

%: wizardry (x1)
@: flying quickly and evasively, quick
A: beak, talons 3, nimble flight
a: no special abilities


You were on level 8 of the Dungeon.
You visited 1 branch of the dungeon, and saw 8 of its levels.

You collected 232 gold pieces.

Inventory:

Hand Weapons
 C - a +2 heavy hand axe
 D - a +1 dagger of venom (weapon)
Missiles
 d - 6 boomerangs (quivered)
 j - 49 stones
 r - 5 poisoned darts
 t - a throwing net
 w - 3 javelins
 y - 6 atropa-tipped darts
Armour
 a - a +0 robe (worn)
Magical Staves
 k - a staff of cold
 H - a staff of earth
 I - a staff of poison
Jewellery
 x - a ring of poison resistance (left hand)
 B - a ring of wizardry (right hand)
Wands
 F - a wand of charming (2)
 G - a wand of digging (2)
Scrolls
 e - a scroll of enchant armour {unknown}
 g - 3 scrolls of enchant weapon {unknown}
 h - 2 scrolls of teleportation {unknown}
 i - a scroll of blinking {unknown}
 l - a scroll of acquirement {unknown}
 m - a scroll of torment {unknown}
 s - a scroll of vulnerability {unknown}
 u - 6 scrolls of identify {unknown}
 v - 2 scrolls of magic mapping {unknown}
 E - a scroll of amnesia {unknown}
 J - a scroll of silence {unknown}
Potions
 b - 3 potions of magic
 c - 2 potions of lignification {unknown}
 f - 2 potions of flight {unknown}
 n - a potion of ambrosia {unknown}
 o - a potion of resistance {unknown}
 p - 3 potions of might {unknown}
 q - 9 potions of curing {unknown}
 z - 2 potions of degeneration {unknown}
 A - 2 potions of heal wounds {unknown}


   Skills:
 + Level 2.0 Fighting
 + Level 4.3 Dodging
 + Level 4.2 Stealth
 + Level 3.6 Spellcasting
 + Level 4.6 Conjurations
 * Level 0.8 Hexes
 * Level 0.6 Translocations
 * Level 6.4 Fire Magic


You had 5 spell levels left.
You knew the following spells:

 Your Spells              Type           Power      Damage    Failure   Level
a - Foxfire               Conj/Fire      88%        2x1d8     1%          1
b - Scorch                Fire           50%        2d7       1%          2
c - Inner Flame           Hex/Fire       15%        N/A       4%          3
d - Volatile Blastmotes   Fire/Tloc      30%        2d12      4%          3

Your spell library contained the following spells:

 Spells                   Type           Power      Damage    Failure   Level
 Flame Wave               Conj/Fire      22%        2d8       7%          4
 Ozocubu's Armour         Ice            3%         N/A       21%         3
 Fulminant Prism          Conj/Hex       6%         3d7       21%         4
 Iskenderun's Mystic Bla  Conj/Tloc      12%        2d5       22%         4
 Metabolic Englaciation   Hex/Ice        2%         N/A       80%         5
 Yara's Violent Unravell  Hex/Tmut       2%         3d3       80%         5
 Lee's Rapid Deconstruct  Erth           1%         3d4*      86%         5
 Simulacrum               Ice/Necr       1%         N/A       100%        6
 Summon Cactus Giant      Summ           1%         N/A       100%        6
 Enfeeble                 Hex            3%         N/A       100%        7


Dungeon Overview and Level Annotations

Branches:
Dungeon (9/15)
 Temple: D:4-7         Lair: D:8-11         Orc: D:9-12

Altars:
Zin


Innate Abilities, Weirdness & Mutations

You have a beak for a mouth.
You have claws for feet.
Your magical nature lets you fly swiftly and evasively.


Message History

The bullfrog closely misses you. The bullfrog attacks as you move away!
The bullfrog barely misses you. The bullfrog barely misses you.
A wight comes into view. It is wielding a +1 flail.
Found 5 javelins.
Found a stone staircase leading up.
The bullfrog attacks as you move away! The bullfrog closely misses you.
A wight comes into view. It is wielding a +3 battleaxe.
A wight comes into view. It is wielding a +0 morningstar.
The green ugly thing gurgles horribly!
The bullfrog barely misses you. The bullfrog closely misses you.
Found a scroll labelled MANNUN EPHYE.
The bullfrog attacks as you move away! The bullfrog hits you!
The green ugly thing engulfs you.
* * * LOW HITPOINT WARNING * * *
The bullfrog hits you.
* * * LOW HITPOINT WARNING * * *
There is a stone staircase leading up here.
The green ugly thing misses you.
You fly upwards.
The yak bellows! x5
Found 12 gold pieces.
There is a stone staircase leading down here.
The green ugly thing attacks as you move away!
The green ugly thing barely misses you.
Found a potion of magic.
The green ugly thing attacks as you move away!
The green ugly thing engulfs you but does no damage.
A steam dragon comes into view.
Found a scroll labelled MOFFAC VUZIE.
The green ugly thing attacks as you move away!
The green ugly thing barely misses you. The green ugly thing engulfs you!
* * * LOW HITPOINT WARNING * * *
The green ugly thing attacks as you move away!
The green ugly thing closely misses you.
The green ugly thing attacks as you move away!
The green ugly thing engulfs you!
* * * LOW HITPOINT WARNING * * *
The green ugly thing engulfs you!
You die...

.... .. ▒▒▒.▒▒▒▒
▒▒▒▒ ▒.......
▒▒..▒▒▒▒...▒...
▒▒...▒..▒...▒...
▒▒▒▒.......Y..Y▒▒..
▒..▒...............
▒..u..Y.YY....▒...▒
▒.Q▒▒.........▒...▒
▒..▒.......D....▒..
▒..▒▒▒.........▒▒▒.
▒▒.. ▒...........▒.
... ..............
....▒.............
▒▒.. .............
....▒▒▒▒........
▒▒▒......


You could see a green ugly thing and 3 yaks.

Vanquished Creatures
  A yak (D:9)
  A bullfrog (D:4)
  4 scorpions
  A hound (D:4)
  An orc priest (D:3)
  A jelly (D:5)
  3 sleepcaps
  Jessica (D:3)
  3 iguanas
  An orc wizard (D:3)
  Natasha (twice) (D:3)
  3 gnolls (D:2)
  5 adders
  A shadow imp (D:5)
  2 worms
  6 dart slugs
  13 orcs
  7 bats
  7 endoplasms
  A giant cockroach (D:4)
  6 hobgoblins
  4 jackals (D:1)
  7 kobolds
  2 quokkas
  10 ball pythons
  3 frilled lizards
  9 goblins
  5 rats
110 creatures vanquished.

Vanquished Creatures (others)
  152 foxfires
152 creatures vanquished.

Grand Total: 262 creatures vanquished

Notes
Turn   | Place    | Note
-------+----------+-------------------------------------------
     0 | D:1      | shmup the Tengu Fire Elementalist began the quest for the
                  | Orb.
     0 | D:1      | Reached XP level 1. HP: 10/10 MP: 4/4
   299 | D:1      | Reached XP level 2. HP: 14/15 MP: 3/6
   638 | D:1      | Reached XP level 3. HP: 19/19 MP: 4/7
   853 | D:1      | Found a faded altar of an unknown god.
  1321 | D:2      | Reached skill level 4 in Fire Magic
  1481 | D:2      | Reached XP level 4. HP: 24/24 MP: 4/8
  1819 | D:2      | Learned a level 2 spell: Scorch
  2385 | D:3      | Noticed Natasha
  2395 | D:3      | Killed Natasha
  2396 | D:3      | Gained mutation: Your magical nature lets you fly swiftly
                  | and evasively. [Tengu growth]
  2396 | D:3      | Reached XP level 5. HP: 13/28 MP: 6/9
  2890 | D:3      | Reached skill level 5 in Fire Magic
  2890 | D:3      | Reached XP level 6. HP: 32/32 MP: 3/11
  2918 | D:3      | Noticed Jessica
  2920 | D:3      | Killed Jessica
  3331 | D:3      | Noticed Natasha
  3345 | D:3      | Killed Natasha
  3851 | D:4      | Reached XP level 7. HP: 33/37 MP: 6/12
  3981 | D:4      | Reached skill level 1 in Fighting
  4343 | D:5      | Entered Level 5 of the Dungeon
  4843 | D:5      | Reached skill level 6 in Fire Magic
  4916 | D:5      | Learned a level 3 spell: Inner Flame
  4920 | D:5      | Learned a level 3 spell: Volatile Blastmotes
  6098 | D:5      | Found a glowing silver altar of Zin.
  6162 | D:6      | You are sucked into a shaft and drop 3 floors!
  6176 | D:9      | Noticed a yak
  6186 | D:9      | Noticed a yak
  6188 | D:9      | Killed a yak
  6189 | D:9      | Reached XP level 8. HP: 44/44 MP: 5/14
  6301 | D:9      | Noticed a cyclops
  6386 | D:9      | Noticed a green ugly thing
  6399 | D:8      | Noticed a yak
  6399 | D:8      | Noticed a yak
  6399 | D:8      | Noticed a yak
  6399 | D:8      | Noticed a yak
  6399 | D:8      | Noticed a yak
  6422 | D:8      | Mangled by a green ugly thing

Illustrated notes

Levels and vault maps discovered:
D:1:      minmay_arrival_shoal_huts, layout_loops_corners,
          ebering_ecumenical_altar_sacrificial
D:2:      kennysheep_big_flooded_room, layout_loops_ring
D:3:      layout_basic, serial_bayou_pond_e, uniq_natasha, uniq_jessica
D:4:      layout_basic
D:5:      layout_basic, general_overflow_altar, minivault_24
D:6:      layout_rooms, lemuel_crystal_altar
D:8:      hangedman_cross_stitches, layout_cave_pools,
          ebering_dispersal_statue_hall
D:9:      minmay_diamond_stairs, layout_loops_ring, orc_0_dummy,
          chequers_serial_rivers_micro_e, minmay_misc_feat_encased, uniq_maurice

Skill      XL: |  1  2  3  4  5  6  7 |
---------------+----------------------+-----
Conjurations   | 2 3 4 |  4.6
Fire Magic     | 4 5 6 |  6.4
Dodging        | 3 4 |  4.3
Stealth        | 3 4 |  4.2
Spellcasting   | 3 |  3.6
Fighting       | 2 |  2.0
Hexes          | |  0.8
Translocations | |  0.6

Action                     |  1- 3 |  4- 6 |  7- 9 || total
---------------------------+-------+-------+-------++-------
  Melee: Unarmed           |     7 |       |       ||     7
         Kick              |     3 |    11 |     5 ||    19
         Staff             |     8 |       |       ||     8
         Long sword        |     5 |    18 |       ||    23
         Peck              |       |     7 |     3 ||    10
         Dagger            |       |    28 |    12 ||    40
   Cast: Foxfire           |    51 |    38 |     5 ||    94
         Scorch            |       |    30 |    37 ||    67
         Inner Flame       |       |       |     5 ||     5
         Volatile Blastmot |       |       |     4 ||     4
   Stab: Sleeping          |     2 |     1 |       ||     3
 Armour: Robe              |    12 |     7 |     4 ||    23
  Dodge: Dodged            |    41 |    40 |    25 ||   106
